Map: Frostline LE

Players

Kammer - Winner!

  • Race: Terran Terran
  • Spawn Location: 1:00

VOD

Have the link to the VOD?

Description

Time

  • Played on: Feb. 9, 2025, 8:33 p.m.
  • Length: 19:29
Show
View Real Time Build Order
Export as new Build Order

Kammer Terran - Winner!

Build Orders:  

Get SALT Encoding   

  12  0:00  SCV  
  13  0:17  SCV  
  14  0:27  Supply Depot  
  14  0:34  SCV  
  15  1:01  Barracks, SCV  
  16  1:13  Refinery  
  16  1:18  SCV  
  17  1:23  Supply Depot  
  17  1:52  SCV  
  18  2:09  SCV  
  19  2:26  Marine, Command Center  
  20  2:39  SCV  
  21  2:51  Marine  
  21  2:56  SCV  
  23  3:05  Barracks  
  23  3:13  SCV  
  23  3:16  Marine  
  25  3:35  SCV  
  26  3:40  Marine  
  26  3:45  Supply Depot  
  27  3:52  SCV  
  28  4:09  SCV  
  29  4:11  Marine  
  29  4:13  Marine  
  29  4:16  Supply Depot  
  30  4:38  Marine  
  32  4:41  Reaper  
  32  4:57  Factory  
  32  4:59  SCV  
  33  5:08  Reaper  
  34  5:16  SCV  
  35  5:23  Refinery  
  35  5:26  Reaper  
  35  5:28  SCV  
  37  5:33  SCV  
  38  5:45  SCV  
  40  5:50  SCV  
  40  5:53  Reaper  
  41  6:02  SCV  
  41  6:06  Marine  
  41  6:07  SCV  
  44  6:12  Supply Depot  
  44  6:17  Hellion  
  46  6:31  Marine  
  46  6:32  Marine  
  48  6:47  Hellion  
  50  6:51  SCV  
  50  6:53  SCV  
  50  6:56  Marine  
  50  6:57  Marine  
  54  7:07  SCV, Widow Mine  
  55  7:10  SCV  
  55  7:15  Starport  
  58  7:22  Marine  
  58  7:24  Factory, SCV  
  58  7:26  Reaper  
  61  7:30  Supply Depot  
  61  7:37  Widow Mine  
  61  7:41  SCV  
  61  7:44  SCV  
  61  7:47  Marine  
  66  7:58  SCV  
  67  8:00  Supply Depot  
  67  8:01  SCV  
  67  8:06  Marine  
  67  8:07  Widow Mine  
  69  8:12  Marine  
  69  8:15  SCV  
  73  8:31  Marine  
  73  8:32  Supply Depot  
  73  8:36  Widow Mine  
  73  8:37  Marine  
  75  8:48  SCV  
  78  8:52  SCV  
  80  9:01  Reaper  
  80  9:02  Marine  
  80  9:03  Supply Depot  
  80  9:04  SCV  
  80  9:06  Widow Mine  
  80  9:08  SCV  
  86  9:27  Marine  
  73  9:36  Widow Mine  
  63  9:45  Reaper  
  66  9:54  Engineering Bay  
  66  10:03  Unknown  
  66  10:15  Barracks Tech Lab  
  66  10:27  Starport Tech Lab  
  67  10:30  Reaper  
  67  10:31  SCV  
  67  10:34  SCV  
  69  10:47  Marine  
  69  10:48  SCV  
  71  10:51  SCV  
  71  10:52  Hellion  
  71  10:54  Hellion  
  76  11:03  Banshee  
  79  11:12  Marine, Refinery  
  79  11:15  Reaper, SCV  
  82  11:22  Hellion  
  82  11:23  Refinery  
  82  11:24  Hellion  
  86  11:32  SCV  
  86  11:36  Barracks  
  86  11:37  Marine  
  86  11:38  Terran Infantry Weapons Level 1  
  88  11:54  Hellion  
  91  12:00  Reaper  
  91  12:02  Marauder  
  91  12:03  Banshee  
  96  12:24  Supply Depot  
  96  12:27  Hellion  
  98  12:32  Marine  
  98  12:33  Hellion  
  101  12:40  Marine  
  102  12:57  Marine, Hellion  
  105  13:02  Fusion Core, Hellion  
  105  13:03  Banshee  
  110  13:15  Supply Depot  
  110  13:23  Supply Depot  
  110  13:45  Marine x2  
  112  14:03  Banshee  
  86  14:10  Marine x2  
  103  14:18  Terran Infantry Armor Level 1  
  95  14:24  SCV  
  94  14:34  Marine  
  94  14:35  Marine  
  94  14:39  Hellion  
  98  14:40  Hellion  
  100  14:54  Marine  
  102  15:00  Marine, Widow Mine  
  102  15:03  Banshee  
  102  15:04  Reaper  
  102  15:09  Hellion  
  108  15:19  Marine  
  111  15:29  Marine, Widow Mine  
  112  15:30  Widow Mine  
  114  15:44  Marine  
  114  15:49  Reaper  
  118  15:54  Marine  
  119  16:03  Battlecruiser  
  119  16:05  Widow Mine  
  119  16:07  Widow Mine  
  119  16:09  Marine  
  126  16:19  Marine  
  125  16:34  Marine, Reaper  
  125  16:35  Widow Mine  
  125  16:59  Marine  
  126  17:13  Supply Depot  
  126  17:31  Marine, Hellion  
  126  17:34  Hellion  
  126  17:35  Marine  
  121  17:41  Battlecruiser  
  121  17:43  Supply Depot  
  118  17:56  Marine  
  119  18:01  Hellion  
  119  18:04  Hellion  
  123  18:16  Supply Depot  
  123  18:21  Marine  
  123  18:26  Marine  
  123  18:31  Hellion  
  123  18:34  Hellion  
  127  18:46  Marine  
  127  18:48  Supply Depot  
  127  18:51  Marine  
Tags
 
Add a new tag
Caveats
  • Supply blocks, unpowered buildings, or Contaminate may cause inaccurate times.
  • Supply counts are checked every 10 seconds.